Coutelas vs Gangsters
Created - January 19, 2021 at 19:01
Goals
|
| Coutelas |
0 |
2 |
2 |
4 |
| Gangsters |
0 |
1 |
1 |
2 |
|
Shots
|
| Coutelas |
5 |
14 |
15 |
34 |
| Gangsters |
6 |
14 |
7 |
27 |
|
1st period
No Goal
Penalties :
Dave Dziurzynski (Bro) for Holding Stick (Minor) at 12:14, Nick Mattson (MDÉ) for Holding (Minor) at 14:31, Kevin Roy (Bro) for Interference (Minor) at 17:20, Teemu Pulkkinen (MDÉ) for Boarding (Minor) at 19:56
2nd period
1. Gangsters , Vince Dunn 1 (Seth Griffith 26) at 0:41 (PP)
2. Coutelas , Patrick Sieloff 3 (Teemu Pulkkinen 16, Mikhail Grigorenko 11) at 5:20
3. Coutelas , Teemu Pulkkinen 18 (Nick Mattson 11, Mike Reilly 11) at 12:00
Penalties :
Dustin Kohn (MDÉ) for Interference (Minor) at 2:33, Dave Dziurzynski (Bro) for Roughing (Minor) at 9:19
3rd period
4. Gangsters , Richard Panik 31 (Artem Anisimov 40, Vince Dunn 11) at 7:00
5. Coutelas , Nick Ritchie 18 (Dustin Kohn 31) at 7:51
6. Coutelas , Martins Karsums 4 (Stefan Matteau 20) at 15:13
Penalties :
Brett Ponich (Bro) for Hooking (Minor) at 0:46, Jake Marchment (Bro) for Interference (Minor) at 10:38, Phillip Danault (Bro) for Roughing (Minor) at 15:38
Goalie Stats
Mackenzie Blackwood (MDÉ), 25 saves from 27 shots - (0.926), W, 13-10-1, 60:00 minutes
Samuel Montembeault (Bro), 30 saves from 34 shots - (0.882), L, 16-6-1, 60:00 minutes
Players Stats for Coutelas
Player Name G A P +/- PIM S H SB GA TA FO MP PP MP PK MP
------------------------------------------------------------------------------------
Craig Cunningham 0 0 0 2 0 1 4 0 2 1 3/4 21:06 4:52 1:16
Dustin Kohn 0 1 1 1 2 7 2 0 0 1 0/0 28:02 6:19 1:57
Julius Honka 0 0 0 0 0 0 0 2 0 0 0/0 13:10 0:14 2:20
Martins Karsums 1 0 1 1 0 6 2 0 0 1 2/2 21:55 5:09 2:24
Mattias Janmark 0 0 0 0 0 2 2 0 0 0 0/0 8:30 0:11 0:00
Mike Amadio 0 0 0 0 0 0 2 0 0 1 5/8 13:20 0:35 2:34
Mike Reilly 0 1 1 2 0 1 0 0 1 0 0/0 19:14 5:21 0:25
Mikhail Grigorenko 0 1 1 1 0 3 1 0 0 1 0/3 11:23 0:36 1:40
Nick Mattson 0 1 1 2 2 2 2 0 2 1 0/0 20:07 5:21 1:14
Nick Ritchie 1 0 1 1 0 2 3 0 0 1 0/0 15:20 5:42 0:00
Nikita Scherbak 0 0 0 0 0 1 1 0 0 0 0/0 8:33 0:14 0:00
Oliver Bjorkstrand 0 0 0 1 0 0 1 0 0 0 2/3 15:21 5:43 0:00
Patrick Sieloff 1 0 1 0 0 1 0 1 0 0 0/0 12:15 0:14 1:32
Petter Granberg 0 0 0 1 0 1 3 3 0 0 0/0 27:27 6:19 1:58
Rhett Rakhshani 0 0 0 0 0 1 2 0 0 0 0/0 12:29 0:43 1:30
Stefan Matteau 0 1 1 1 0 2 1 0 0 1 10/26 19:31 5:09 0:00
Tanner Richard 0 0 0 1 0 1 1 1 1 0 5/9 15:23 5:45 0:00
Teemu Pulkkinen 1 1 2 1 2 3 1 1 0 0 1/2 12:08 1:03 0:02
Players Stats for Gangsters
Player Name G A P +/- PIM S H SB GA TA FO MP PP MP PK MP
------------------------------------------------------------------------------------
Adam Lowry 0 0 0 0 0 0 0 0 0 0 0/0 0:00 0:00 0:00
Artem Anisimov 0 1 1 -1 0 2 1 1 1 0 11/19 21:27 2:27 6:19
Brett Ponich 0 0 0 -3 2 1 1 0 2 2 0/0 26:20 2:49 5:38
Colton White 0 0 0 0 0 0 0 0 0 0 0/0 0:00 0:00 0:00
Connor Chatam 0 0 0 -1 0 1 1 0 0 0 0/1 7:53 0:00 0:00
Dave Dziurzynski 0 0 0 -1 4 2 3 1 1 0 1/1 18:35 2:19 2:16
Derrick Pouliot 0 0 0 0 0 1 2 1 0 1 0/0 22:14 1:54 4:53
Dryden Hunt 0 0 0 -1 0 0 2 0 0 0 0/0 9:58 0:00 1:47
Jacob Middleton 0 0 0 0 0 0 0 0 0 0 0/0 0:00 0:00 0:00
Jake Marchment 0 0 0 -1 2 0 1 0 0 0 0/1 8:48 0:00 0:00
Joel Kiviranta 0 0 0 0 0 0 0 0 0 0 0/0 0:00 0:00 0:00
Jonas Brodin 0 0 0 -3 0 2 0 2 0 2 0/0 26:43 2:49 6:55
Joshua Jacobs 0 0 0 0 0 0 0 0 0 0 0/0 0:00 0:00 0:00
Kevin Roy 0 0 0 0 2 2 1 1 1 0 6/10 13:20 0:00 2:34
Mikhail Vorobyev 0 0 0 0 0 0 0 0 0 0 0/0 0:00 0:00 0:00
Phillip Danault 0 0 0 0 2 0 0 0 1 0 0/0 10:54 0:13 0:00
Richard Panik 1 0 1 -1 0 4 2 2 0 0 5/9 21:22 2:24 6:11
Ryan Culkin 0 0 0 0 0 0 1 0 0 0 0/0 10:39 0:00 0:00
Samuel Blais 0 0 0 -1 0 1 5 0 0 0 0/1 12:42 2:11 0:00
Sebastian Collberg 0 0 0 0 0 1 2 1 0 0 0/0 10:55 0:13 0:00
Seth Griffith 0 1 1 -1 0 3 0 0 0 0 5/13 14:13 2:11 1:09
Stefan Noesen 0 0 0 -1 0 6 3 0 2 0 1/2 17:34 2:11 3:32
Steven Santini 0 0 0 0 0 0 2 0 0 0 0/0 11:46 0:00 0:52
Vince Dunn 1 1 2 0 0 1 3 2 0 1 0/0 22:15 1:54 5:30
Will Borgen 0 0 0 0 0 0 0 0 0 0 0/0 0:22 0:00 0:00
3 Stars
1 - Nick Ritchie (MDÉ)
2 - Vince Dunn (Bro)
3 - Teemu Pulkkinen (MDÉ)
Power Play
Coutelas - 0 on 6 Attempt(s) - 0.00%
Gangsters - 1 on 3 Attempt(s) - 33.33%
Penalty Kill
Coutelas - 2 on 3 Attempt(s) - 66.67%
- Score 0 goal in Penalty Kill
Gangsters - 6 on 6 Attempt(s) - 100.00%
- Score 0 goal in Penalty Kill
Team Stat
Coutelas - Hits : 28 - Faceoff Wins : 28 - Blocked Shots : 8 - Penalty Minutes : 6
Gangsters - Hits : 30 - Faceoff Wins : 29 - Blocked Shots : 11 - Penalty Minutes : 12
Official
Referees : Unknown
Linesman : Unknown
Game Notes
No Game Note
Finance
Level 1 -- Attendance: 1454 (72.70%) -- Ticket Income $58,160
Level 2 -- Attendance: 713 (71.30%) -- Ticket Income $14,260
Total Attendance: 2167 (72.23%)
Total Ticket Income: $72,420
Other Income: $3,621
Total Income: $76,041
Coutelas
5 vs 5 Forward
Center Left Wing Right Wing Time % Phy DF OF
1 Stefan Matteau Craig Cunningham Martins Karsums 40 1 2 2
2 Tanner Richard Nick Ritchie Oliver Bjorkstrand 30 1 2 2
3 Mike Amadio Teemu Pulkkinen Rhett Rakhshani 20 1 2 2
4 Mikhail Grigorenko Mattias Janmark Nikita Scherbak 10 1 2 2
5 vs 5 Defense
Defense Defense Time % Phy DF OF
1 Petter Granberg Dustin Kohn 40 1 2 2
2 Nick Mattson Mike Reilly 30 1 2 2
3 Patrick Sieloff Julius Honka 20 1 2 2
4 Petter Granberg Dustin Kohn 10 1 2 2
PowerPlay Forward
Center Left Wing Right Wing Time % Phy DF OF
1 Stefan Matteau Craig Cunningham Martins Karsums 60 1 2 2
2 Tanner Richard Nick Ritchie Oliver Bjorkstrand 40 1 2 2
PowerPlay Defense
Defense Defense Time % Phy DF OF
1 Petter Granberg Dustin Kohn 60 1 2 2
2 Nick Mattson Mike Reilly 40 1 2 2
Penalty Kill 4 Players Forward
Center Wing Time % Phy DF OF
1 Mike Amadio Martins Karsums 60 1 2 2
2 Mikhail Grigorenko Rhett Rakhshani 40 1 2 2
Penalty Kill 4 Players Defense
Defense Defense Time % Phy DF OF
1 Petter Granberg Dustin Kohn 60 1 2 2
2 Julius Honka Nick Mattson 40 1 2 2
Penalty Kill - 3 Players Forward
Forward Time % Phy DF OF
1 Mike Amadio 60 1 2 2
2 Mikhail Grigorenko 40 1 2 2
Penalty Kill - 3 Players Defense
Defense Defense Time % Phy DF OF
1 Petter Granberg Dustin Kohn 60 1 2 2
2 Julius Honka Nick Mattson 40 1 2 2
4 vs 4 Forward
Center Wing Time % Phy DF OF
1 Martins Karsums Stefan Matteau 60 1 2 2
2 Craig Cunningham Nick Ritchie 40 1 2 2
4 vs 4 Defense
Defense Defense Time % Phy DF OF
1 Petter Granberg Dustin Kohn 60 1 2 2
2 Nick Mattson Mike Reilly 40 1 2 2
Last Minutes Offensive
Center Left Wing Right Wing Defense Defense
Stefan Matteau Craig Cunningham Martins Karsums Petter Granberg Dustin Kohn
Last Minutes Defensive
Center Left Wing Right Wing Defense Defense
Stefan Matteau Craig Cunningham Martins Karsums Petter Granberg Dustin Kohn
Goaltenders
Starting : Mackenzie Blackwood
Backup : Joe Cannata
Extra Forwards
Normal : Teemu Pulkkinen, Mike Amadio, Rhett Rakhshani - PP : Teemu Pulkkinen, Mike Amadio - PK : Rhett Rakhshani
Extra Defensemen
Normal : Patrick Sieloff, Julius Honka, Nick Mattson - PP : Patrick Sieloff - PK : Julius Honka, Nick Mattson
Penalty Shots
Martins Karsums, Stefan Matteau, Craig Cunningham, Nick Ritchie, Tanner Richard
Scratches
Ross Johnston (Healthy), Patrick Russell (Healthy), Myles Bell (Healthy), Zach Whitecloud (Healthy), Ben Harpur (Right Hand Injury)
Nick Paul (Healthy), Kurtis Gabriel (Healthy), Duncan Siemens (Healthy), Calle Andersson (Healthy), Clark Bishop (Healthy)
JJ. Piccinich (Healthy), Michael Giugovaz (Healthy)
Gangsters
5 vs 5 Forward
Center Left Wing Right Wing Time % Phy DF OF
1 Artem Anisimov Dave Dziurzynski Richard Panik 40 1 2 2
2 Seth Griffith Samuel Blais Stefan Noesen 30 1 2 2
3 Kevin Roy Phillip Danault Sebastian Collberg 20 1 2 2
4 Jake Marchment Dryden Hunt Connor Chatam 10 1 2 2
5 vs 5 Defense
Defense Defense Time % Phy DF OF
1 Brett Ponich Jonas Brodin 40 1 2 2
2 Derrick Pouliot Vince Dunn 30 1 2 2
3 Ryan Culkin Steven Santini 20 1 2 2
4 Brett Ponich Jonas Brodin 10 1 2 2
PowerPlay Forward
Center Left Wing Right Wing Time % Phy DF OF
1 Artem Anisimov Dave Dziurzynski Richard Panik 60 1 2 2
2 Seth Griffith Samuel Blais Stefan Noesen 40 1 2 2
PowerPlay Defense
Defense Defense Time % Phy DF OF
1 Brett Ponich Jonas Brodin 60 1 2 2
2 Derrick Pouliot Vince Dunn 40 1 2 2
Penalty Kill 4 Players Forward
Center Wing Time % Phy DF OF
1 Richard Panik Artem Anisimov 60 1 2 2
2 Dave Dziurzynski Stefan Noesen 40 1 2 2
Penalty Kill 4 Players Defense
Defense Defense Time % Phy DF OF
1 Brett Ponich Jonas Brodin 60 1 2 2
2 Derrick Pouliot Vince Dunn 40 1 2 2
Penalty Kill - 3 Players Forward
Forward Time % Phy DF OF
1 Richard Panik 60 1 2 2
2 Artem Anisimov 40 1 2 2
Penalty Kill - 3 Players Defense
Defense Defense Time % Phy DF OF
1 Brett Ponich Jonas Brodin 60 1 2 2
2 Derrick Pouliot Vince Dunn 40 1 2 2
4 vs 4 Forward
Center Wing Time % Phy DF OF
1 Richard Panik Artem Anisimov 60 1 2 2
2 Dave Dziurzynski Samuel Blais 40 1 2 2
4 vs 4 Defense
Defense Defense Time % Phy DF OF
1 Brett Ponich Jonas Brodin 60 1 2 2
2 Derrick Pouliot Vince Dunn 40 1 2 2
Last Minutes Offensive
Center Left Wing Right Wing Defense Defense
Artem Anisimov Dave Dziurzynski Richard Panik Brett Ponich Jonas Brodin
Last Minutes Defensive
Center Left Wing Right Wing Defense Defense
Artem Anisimov Dave Dziurzynski Richard Panik Brett Ponich Jonas Brodin
Goaltenders
Starting : Samuel Montembeault
Backup : Jordan Binnington
Extra Forwards
Normal : Phillip Danault, Sebastian Collberg, Kevin Roy - PP : Phillip Danault, Sebastian Collberg - PK : Kevin Roy
Extra Defensemen
Normal : Ryan Culkin, Steven Santini, Derrick Pouliot - PP : Ryan Culkin - PK : Steven Santini, Derrick Pouliot
Penalty Shots
Richard Panik, Artem Anisimov, Dave Dziurzynski, Stefan Noesen, Seth Griffith
Scratches
Keegan Kolesar (Healthy)
% Time on Ice - Coutelas
Lines # - Real PCT - Wanted PCT - Time Play
Normal Forward
1 - 35% - 40% - 15:15
2 - 23% - 30% - 10:00
3 - 23% - 20% - 10:03
4 - 19% - 10% - 8:05
Normal Defense
1 - 42% - 40% - 18:25
2 - 31% - 30% - 13:30
3 - 22% - 20% - 9:45
4 - 4% - 10% - 1:43
PP Forward
1 - 43% - 60% - 5:09
2 - 57% - 40% - 6:45
PP Defense
1 - 55% - 60% - 6:33
2 - 45% - 40% - 5:21
PK Forward
1 - 78% - 60% - 3:42
2 - 22% - 40% - 1:01
PK Defense
1 - 51% - 60% - 2:23
2 - 49% - 40% - 2:20
PK3 Forward
1 - 0% - 60%
2 - 0% - 40%
PK3 Defense
1 - 0% - 60%
2 - 0% - 40%
44 Forward
1 - 0% - 60%
2 - 0% - 40%
44 Defense
1 - 0% - 60%
2 - 0% - 40%
Last Minute Offensive - 0:00
Last Minute Defensive - 0:00
Total
Forward - 60:00
Defense - 60:00
|
% Time on Ice - Gangsters
Lines # - Real PCT - Wanted PCT - Time Play
Normal Forward
1 - 30% - 40% - 13:07
2 - 27% - 30% - 11:51
3 - 24% - 20% - 10:32
4 - 18% - 10% - 7:53
Normal Defense
1 - 41% - 40% - 17:43
2 - 34% - 30% - 14:48
3 - 23% - 20% - 10:03
4 - 2% - 10% - 0:49
PP Forward
1 - 54% - 60% - 2:32
2 - 46% - 40% - 2:11
PP Defense
1 - 60% - 60% - 2:49
2 - 40% - 40% - 1:54
PK Forward
1 - 70% - 60% - 8:22
2 - 30% - 40% - 3:32
PK Defense
1 - 59% - 60% - 7:04
2 - 41% - 40% - 4:50
PK3 Forward
1 - 0% - 60%
2 - 0% - 40%
PK3 Defense
1 - 0% - 60%
2 - 0% - 40%
44 Forward
1 - 0% - 60%
2 - 0% - 40%
44 Defense
1 - 0% - 60%
2 - 0% - 40%
Last Minute Offensive - 0:00
Last Minute Defensive - 0:00
Total
Forward - 60:00
Defense - 60:00
|
Play-by-Play
1st period
0:01 of 1st period - Stefan Matteau wins face-off versus Artem Anisimov in neutral zone.
0:06 of 1st period - Wrist shot by Martins Karsums.
0:06 of 1st period - Shot Misses the Net.
0:14 of 1st period - Snap shot by Martins Karsums.
0:14 of 1st period - Shot Misses the Net.
1:14 of 1st period - Nick Mattson is hit by Vince Dunn and loses puck.
1:31 of 1st period - Martins Karsums is hit by Richard Panik.
1:35 of 1st period - Wrist shot by Artem Anisimov.
1:35 of 1st period - Deflect By Stefan Matteau.
1:35 of 1st period - Stopped by Mackenzie Blackwood without a rebound.
1:36 of 1st period - Tanner Richard wins face-off versus Seth Griffith in Coutelas zone.
1:36 of 1st period - Tanner Richard is hit by Stefan Noesen.
3:50 of 1st period - Vince Dunn is hit by Stefan Matteau and loses puck.
4:34 of 1st period - Dustin Kohn is hit by Samuel Blais and loses puck.
4:55 of 1st period - Dustin Kohn is hit by Derrick Pouliot and loses puck.
5:02 of 1st period - Derrick Pouliot is hit by Craig Cunningham and loses puck.
6:10 of 1st period - Off-side.
6:11 of 1st period - Kevin Roy wins face-off versus Mike Amadio in neutral zone.
7:15 of 1st period - Connor Chatam is hit by Craig Cunningham and loses puck.
7:24 of 1st period - Snap shot by Martins Karsums.
7:24 of 1st period - Shot Misses the Net.
7:26 of 1st period - Slapshot by Dustin Kohn.
7:26 of 1st period - Stopped by Samuel Montembeault without a rebound.
7:27 of 1st period - Artem Anisimov wins face-off versus Tanner Richard in Gangsters zone.
7:27 of 1st period - Artem Anisimov is hit by Nick Ritchie.
8:16 of 1st period - Snap shot by Martins Karsums.
8:16 of 1st period - Stopped by Samuel Montembeault with a rebound.
8:24 of 1st period - Snap shot by Sebastian Collberg.
8:24 of 1st period - Shot Blocked by Teemu Pulkkinen.
8:49 of 1st period - Mikhail Grigorenko is hit by Dave Dziurzynski and loses puck.
9:05 of 1st period - Wrist shot by Dryden Hunt.
9:05 of 1st period - Shot Misses the Net.
9:07 of 1st period - Slapshot by Connor Chatam.
9:07 of 1st period - Stopped by Mackenzie Blackwood with a rebound.
9:09 of 1st period - Wrist shot by Dryden Hunt.
9:09 of 1st period - Shot Misses the Net.
9:21 of 1st period - Craig Cunningham is hit by Sebastian Collberg and loses puck.
10:02 of 1st period - Seth Griffith is hit by Nikita Scherbak and loses puck.
10:27 of 1st period - Snap shot by Artem Anisimov.
10:27 of 1st period - Stopped by Mackenzie Blackwood with a rebound.
10:29 of 1st period - Backhand shot by Dave Dziurzynski.
10:29 of 1st period - Shot Misses the Net.
10:31 of 1st period - Slapshot by Artem Anisimov.
10:31 of 1st period - Shot Blocked by Tanner Richard.
10:46 of 1st period - Stefan Matteau is hit by Steven Santini and loses puck.
11:01 of 1st period - Sebastian Collberg is hit by Dustin Kohn and loses puck.
11:08 of 1st period - Derrick Pouliot is hit by Dustin Kohn and loses puck.
11:41 of 1st period - Slapshot by Stefan Noesen.
11:41 of 1st period - Stopped by Mackenzie Blackwood without a rebound.
11:42 of 1st period - Craig Cunningham wins face-off versus Seth Griffith in Coutelas zone.
11:42 of 1st period - Craig Cunningham is hit by Samuel Blais.
11:48 of 1st period - Seth Griffith is hit by Petter Granberg and loses puck.
11:57 of 1st period - Snap shot by Stefan Noesen.
11:57 of 1st period - Stopped by Mackenzie Blackwood without a rebound.
11:58 of 1st period - Artem Anisimov wins face-off versus Tanner Richard in Coutelas zone.
12:14 of 1st period - Minor Penalty to Dave Dziurzynski for Holding Stick.
12:15 of 1st period - Richard Panik wins face-off versus Stefan Matteau in Gangsters zone.
12:30 of 1st period - Brett Ponich is hit by Craig Cunningham and loses puck.
14:14 of 1st period - Penalty to Dave Dziurzynski is over, Dave Dziurzynski is back on ice.
14:31 of 1st period - Minor Penalty to Nick Mattson for Holding.
14:32 of 1st period - Martins Karsums wins face-off versus Stefan Noesen in Coutelas zone.
14:58 of 1st period - Martins Karsums is hit by Vince Dunn and loses puck.
15:48 of 1st period - Derrick Pouliot is hit by Mikhail Grigorenko and loses puck.
16:31 of 1st period - Penalty to Nick Mattson is over, Nick Mattson is back on ice.
16:39 of 1st period - Snap shot by Nick Mattson.
16:39 of 1st period - Stopped by Samuel Montembeault with a rebound.
16:58 of 1st period - Icing by Nick Mattson.
16:59 of 1st period - Tanner Richard wins face-off versus Kevin Roy in Coutelas zone.
17:08 of 1st period - Wrist shot by Mikhail Grigorenko.
17:08 of 1st period - Shot Misses the Net.
17:10 of 1st period - Slapshot by Nick Mattson.
17:10 of 1st period - Stopped by Samuel Montembeault with a rebound.
17:12 of 1st period - Slapshot by Mikhail Grigorenko.
17:12 of 1st period - Shot Misses the Net.
17:14 of 1st period - Slapshot by Mike Reilly.
17:14 of 1st period - Deflect By Mattias Janmark.
17:14 of 1st period - Stopped by Samuel Montembeault with a rebound.
17:20 of 1st period - Minor Penalty to Kevin Roy for Interference.
17:21 of 1st period - Richard Panik wins face-off versus Stefan Matteau in Gangsters zone.
18:50 of 1st period - Petter Granberg is hit by Dave Dziurzynski and loses puck.
19:20 of 1st period - Penalty to Kevin Roy is over, Kevin Roy is back on ice.
19:27 of 1st period - Kevin Roy is hit by Martins Karsums and loses puck.
19:44 of 1st period - Wrist shot by Phillip Danault.
19:44 of 1st period - Shot Blocked by Julius Honka.
19:46 of 1st period - Slapshot by Kevin Roy.
19:46 of 1st period - Deflect By Julius Honka.
19:46 of 1st period - Shot Blocked by Patrick Sieloff.
19:46 of 1st period - Puck is out of play.
19:47 of 1st period - Seth Griffith wins face-off versus Teemu Pulkkinen in Coutelas zone.
19:54 of 1st period - Wrist shot by Seth Griffith.
19:54 of 1st period - Stopped by Mackenzie Blackwood with a rebound.
19:56 of 1st period - Minor Penalty to Teemu Pulkkinen for Boarding.
19:57 of 1st period - Artem Anisimov wins face-off versus Mike Amadio in Coutelas zone.
Goals for this period are 0 for Coutelas vs 0 for Gangsters.
Shots for this period are 5 for Coutelas vs 6 for Gangsters.
2nd period
0:01 of 2nd period - Mike Amadio wins face-off versus Artem Anisimov in neutral zone.
0:06 of 2nd period - Wrist shot by Martins Karsums.
0:06 of 2nd period - Shot Blocked by Richard Panik.
0:08 of 2nd period - Slapshot by Petter Granberg.
0:08 of 2nd period - Shot Blocked by Dave Dziurzynski.
0:10 of 2nd period - Slapshot by Petter Granberg.
0:10 of 2nd period - Stopped by Samuel Montembeault with a rebound.
0:12 of 2nd period - Wrist shot by Martins Karsums.
0:12 of 2nd period - Stopped by Samuel Montembeault with a rebound.
0:26 of 2nd period - Martins Karsums is hit by Samuel Blais and loses puck.
0:31 of 2nd period - Wrist shot by Seth Griffith.
0:31 of 2nd period - Stopped by Mackenzie Blackwood without a rebound.
0:32 of 2nd period - Mike Amadio wins face-off versus Seth Griffith in Coutelas zone.
0:41 of 2nd period - Snap shot by Vince Dunn.
0:41 of 2nd period - Deflect By Julius Honka.
0:41 of 2nd period - Goal by Vince Dunn - Coutelas : 0 - Gangsters : 1.
0:42 of 2nd period - Artem Anisimov wins face-off versus Stefan Matteau in neutral zone.
0:45 of 2nd period - Petter Granberg is hit by Dave Dziurzynski and loses puck.
0:54 of 2nd period - Snap shot by Jonas Brodin.
0:54 of 2nd period - Shot Blocked by Petter Granberg.
0:56 of 2nd period - Slapshot by Dave Dziurzynski.
0:56 of 2nd period - Shot Misses the Net.
0:58 of 2nd period - Wrist shot by Dave Dziurzynski.
0:58 of 2nd period - Stopped by Mackenzie Blackwood without a rebound.
0:59 of 2nd period - Oliver Bjorkstrand wins face-off versus Seth Griffith in Coutelas zone.
0:59 of 2nd period - Oliver Bjorkstrand is hit by Samuel Blais.
1:04 of 2nd period - Dustin Kohn is hit by Stefan Noesen and loses puck.
1:52 of 2nd period - Slapshot by Sebastian Collberg.
1:52 of 2nd period - Stopped by Mackenzie Blackwood with a rebound.
1:54 of 2nd period - Slapshot by Derrick Pouliot.
1:54 of 2nd period - Stopped by Mackenzie Blackwood with a rebound.
2:33 of 2nd period - Minor Penalty to Dustin Kohn for Interference.
2:34 of 2nd period - Artem Anisimov wins face-off versus Mike Amadio in Coutelas zone.
2:38 of 2nd period - Wrist shot by Artem Anisimov.
2:38 of 2nd period - Deflect By Richard Panik.
2:38 of 2nd period - Stopped by Mackenzie Blackwood with a rebound.
2:40 of 2nd period - Slapshot by Brett Ponich.
2:40 of 2nd period - Shot Blocked by Julius Honka.
4:33 of 2nd period - Penalty to Dustin Kohn is over, Dustin Kohn is back on ice.
4:50 of 2nd period - Patrick Sieloff is hit by Dryden Hunt and loses puck.
4:59 of 2nd period - Dryden Hunt is hit by Craig Cunningham and loses puck.
5:18 of 2nd period - Backhand shot by Teemu Pulkkinen.
5:18 of 2nd period - Stopped by Samuel Montembeault with a rebound.
5:20 of 2nd period - Snap shot by Patrick Sieloff.
5:20 of 2nd period - Deflect By Jake Marchment.
5:20 of 2nd period - Goal by Patrick Sieloff - Coutelas : 1 - Gangsters : 1.
5:21 of 2nd period - Tanner Richard wins face-off versus Artem Anisimov in neutral zone.
5:26 of 2nd period - Slapshot by Dustin Kohn.
5:26 of 2nd period - Deflect By Brett Ponich.
5:26 of 2nd period - Stopped by Samuel Montembeault without a rebound.
5:27 of 2nd period - Tanner Richard wins face-off versus Richard Panik in Gangsters zone.
5:54 of 2nd period - Wrist shot by Seth Griffith.
5:54 of 2nd period - Shot Misses the Net.
5:56 of 2nd period - Slapshot by Brett Ponich.
5:56 of 2nd period - Stopped by Mackenzie Blackwood without a rebound.
5:57 of 2nd period - Seth Griffith wins face-off versus Stefan Matteau in Coutelas zone.
6:27 of 2nd period - Slapshot by Dustin Kohn.
6:27 of 2nd period - Stopped by Samuel Montembeault without a rebound.
6:28 of 2nd period - Artem Anisimov wins face-off versus Stefan Matteau in Gangsters zone.
6:41 of 2nd period - Snap shot by Martins Karsums.
6:41 of 2nd period - Stopped by Samuel Montembeault with a rebound.
6:43 of 2nd period - Snap shot by Craig Cunningham.
6:43 of 2nd period - Stopped by Samuel Montembeault with a rebound.
6:59 of 2nd period - Snap shot by Rhett Rakhshani.
6:59 of 2nd period - Shot Misses the Net.
7:01 of 2nd period - Slapshot by Dustin Kohn.
7:01 of 2nd period - Stopped by Samuel Montembeault without a rebound.
7:02 of 2nd period - Stefan Matteau wins face-off versus Seth Griffith in Gangsters zone.
7:33 of 2nd period - Nick Mattson is hit by Brett Ponich and loses puck.
8:30 of 2nd period - Snap shot by Mikhail Grigorenko.
8:30 of 2nd period - Stopped by Samuel Montembeault without a rebound.
8:31 of 2nd period - Seth Griffith wins face-off versus Stefan Matteau in Gangsters zone.
9:04 of 2nd period - Snap shot by Nick Ritchie.
9:04 of 2nd period - Deflect By Oliver Bjorkstrand.
9:04 of 2nd period - Shot Blocked by Artem Anisimov.
9:04 of 2nd period - Puck is out of play.
9:05 of 2nd period - Artem Anisimov wins face-off versus Oliver Bjorkstrand in Gangsters zone.
9:10 of 2nd period - Slapshot by Tanner Richard.
9:10 of 2nd period - Stopped by Samuel Montembeault without a rebound.
9:11 of 2nd period - Artem Anisimov wins face-off versus Tanner Richard in Gangsters zone.
9:19 of 2nd period - Minor Penalty to Dave Dziurzynski for Roughing.
9:20 of 2nd period - Stefan Matteau wins face-off versus Richard Panik in Gangsters zone.
9:22 of 2nd period - Slapshot by Stefan Matteau.
9:22 of 2nd period - Shot Misses the Net.
9:50 of 2nd period - Richard Panik is hit by Petter Granberg and loses puck.
10:37 of 2nd period - Icing by Craig Cunningham.
10:38 of 2nd period - Kevin Roy wins face-off versus Stefan Matteau in Coutelas zone.
10:39 of 2nd period - Wrist shot by Stefan Noesen.
10:39 of 2nd period - Stopped by Mackenzie Blackwood with a rebound.
11:19 of 2nd period - Penalty to Dave Dziurzynski is over, Dave Dziurzynski is back on ice.
11:21 of 2nd period - Wrist shot by Seth Griffith.
11:21 of 2nd period - Deflect By Dave Dziurzynski.
11:21 of 2nd period - Shot Misses the Net.
11:21 of 2nd period - Puck is out of play.
11:22 of 2nd period - Mike Amadio wins face-off versus Seth Griffith in Coutelas zone.
11:27 of 2nd period - Backhand shot by Jonas Brodin.
11:27 of 2nd period - Stopped by Mackenzie Blackwood without a rebound.
11:28 of 2nd period - Mike Amadio wins face-off versus Seth Griffith in Coutelas zone.
11:41 of 2nd period - Slapshot by Seth Griffith.
11:41 of 2nd period - Shot Misses the Net.
11:56 of 2nd period - Wrist shot by Teemu Pulkkinen.
11:56 of 2nd period - Shot Misses the Net.
11:58 of 2nd period - Slapshot by Mike Reilly.
11:58 of 2nd period - Stopped by Samuel Montembeault with a rebound.
12:00 of 2nd period - Backhand shot by Nick Mattson.
12:00 of 2nd period - Deflect By Teemu Pulkkinen.
12:00 of 2nd period - Goal by Teemu Pulkkinen - Coutelas : 2 - Gangsters : 1.
12:01 of 2nd period - Martins Karsums wins face-off versus Artem Anisimov in neutral zone.
12:26 of 2nd period - Brett Ponich is hit by Petter Granberg and loses puck.
12:49 of 2nd period - Vince Dunn is hit by Rhett Rakhshani and loses puck.
13:26 of 2nd period - Slapshot by Jonas Brodin.
13:26 of 2nd period - Stopped by Mackenzie Blackwood without a rebound.
13:27 of 2nd period - Stefan Matteau wins face-off versus Jake Marchment in Coutelas zone.
13:52 of 2nd period - Richard Panik is hit by Nick Ritchie and loses puck.
14:03 of 2nd period - Slapshot by Patrick Sieloff.
14:03 of 2nd period - Shot Blocked by Jonas Brodin.
14:15 of 2nd period - Slapshot by Artem Anisimov.
14:15 of 2nd period - Shot Hit the Post.
14:19 of 2nd period - Snap shot by Seth Griffith.
14:19 of 2nd period - Stopped by Mackenzie Blackwood with a rebound.
14:21 of 2nd period - Slapshot by Seth Griffith.
14:21 of 2nd period - Deflect By Samuel Blais.
14:21 of 2nd period - Stopped by Mackenzie Blackwood with a rebound.
14:29 of 2nd period - Stefan Noesen is hit by Mike Amadio and loses puck.
14:46 of 2nd period - Snap shot by Phillip Danault.
14:46 of 2nd period - Shot Misses the Net.
15:26 of 2nd period - Snap shot by Tanner Richard.
15:26 of 2nd period - Deflect By Nick Ritchie.
15:26 of 2nd period - Stopped by Samuel Montembeault with a rebound.
15:44 of 2nd period - Mike Reilly is hit by Vince Dunn.
15:48 of 2nd period - Mikhail Grigorenko is hit by Stefan Noesen and loses puck.
16:22 of 2nd period - Phillip Danault is hit by Tanner Richard.
16:26 of 2nd period - Nick Mattson is hit by Ryan Culkin and loses puck.
16:44 of 2nd period - Dryden Hunt is hit by Mike Amadio.
16:48 of 2nd period - Brett Ponich is hit by Rhett Rakhshani and loses puck.
16:59 of 2nd period - Samuel Blais is hit by Mattias Janmark and loses puck.
17:34 of 2nd period - Julius Honka is hit by Artem Anisimov and loses puck.
17:52 of 2nd period - Mike Reilly is hit by Kevin Roy and loses puck.
18:13 of 2nd period - Brett Ponich is hit by Teemu Pulkkinen and loses puck.
18:24 of 2nd period - Nick Mattson is hit by Connor Chatam and loses puck.
18:46 of 2nd period - Wrist shot by Stefan Noesen.
18:46 of 2nd period - Stopped by Mackenzie Blackwood without a rebound.
18:47 of 2nd period - Artem Anisimov wins face-off versus Stefan Matteau in Coutelas zone.
18:48 of 2nd period - Snap shot by Richard Panik.
18:48 of 2nd period - Stopped by Mackenzie Blackwood without a rebound.
18:49 of 2nd period - Craig Cunningham wins face-off versus Artem Anisimov in Coutelas zone.
19:39 of 2nd period - Dustin Kohn is hit by Sebastian Collberg and loses puck.
19:56 of 2nd period - Jonas Brodin is hit by Martins Karsums and loses puck.
Goals for this period are 2 for Coutelas vs 1 for Gangsters.
Shots for this period are 14 for Coutelas vs 14 for Gangsters.
3rd period
0:01 of 3rd period - Artem Anisimov wins face-off versus Stefan Matteau in neutral zone.
0:04 of 3rd period - Craig Cunningham is hit by Richard Panik and loses puck.
0:33 of 3rd period - Snap shot by Rhett Rakhshani.
0:33 of 3rd period - Stopped by Samuel Montembeault without a rebound.
0:34 of 3rd period - Stefan Matteau wins face-off versus Samuel Blais in Gangsters zone.
0:39 of 3rd period - Wrist shot by Craig Cunningham.
0:39 of 3rd period - Shot Misses the Net.
0:41 of 3rd period - Slapshot by Craig Cunningham.
0:41 of 3rd period - Shot Blocked by Vince Dunn.
0:43 of 3rd period - Snap shot by Martins Karsums.
0:43 of 3rd period - Stopped by Samuel Montembeault without a rebound.
0:44 of 3rd period - Seth Griffith wins face-off versus Stefan Matteau in Gangsters zone.
0:46 of 3rd period - Minor Penalty to Brett Ponich for Hooking.
0:47 of 3rd period - Richard Panik wins face-off versus Stefan Matteau in Gangsters zone.
1:13 of 3rd period - Artem Anisimov is hit by Oliver Bjorkstrand and loses puck.
2:46 of 3rd period - Penalty to Brett Ponich is over, Brett Ponich is back on ice.
3:01 of 3rd period - Snap shot by Teemu Pulkkinen.
3:01 of 3rd period - Stopped by Samuel Montembeault with a rebound.
4:12 of 3rd period - Martins Karsums is hit by Derrick Pouliot and loses puck.
5:18 of 3rd period - Icing by Oliver Bjorkstrand.
5:19 of 3rd period - Tanner Richard wins face-off versus Connor Chatam in Coutelas zone.
5:19 of 3rd period - Tanner Richard is hit by Steven Santini.
5:32 of 3rd period - Teemu Pulkkinen is hit by Jake Marchment and loses puck.
6:12 of 3rd period - Richard Panik is hit by Mattias Janmark and loses puck.
6:58 of 3rd period - Snap shot by Richard Panik.
6:58 of 3rd period - Stopped by Mackenzie Blackwood with a rebound.
7:00 of 3rd period - Wrist shot by Richard Panik.
7:00 of 3rd period - Goal by Richard Panik - Coutelas : 2 - Gangsters : 2.
7:01 of 3rd period - Seth Griffith wins face-off versus Craig Cunningham in neutral zone.
7:06 of 3rd period - Slapshot by Stefan Noesen.
7:06 of 3rd period - Shot Blocked by Petter Granberg.
7:14 of 3rd period - Snap shot by Stefan Noesen.
7:14 of 3rd period - Stopped by Mackenzie Blackwood without a rebound.
7:15 of 3rd period - Craig Cunningham wins face-off versus Kevin Roy in Coutelas zone.
7:20 of 3rd period - Slapshot by Dustin Kohn.
7:20 of 3rd period - Stopped by Samuel Montembeault without a rebound.
7:21 of 3rd period - Kevin Roy wins face-off versus Stefan Matteau in Gangsters zone.
7:46 of 3rd period - Dave Dziurzynski is hit by Nick Ritchie and loses puck.
7:51 of 3rd period - Snap shot by Nick Ritchie.
7:51 of 3rd period - Goal by Nick Ritchie - Coutelas : 3 - Gangsters : 2.
7:52 of 3rd period - Artem Anisimov wins face-off versus Stefan Matteau in neutral zone.
8:19 of 3rd period - Wrist shot by Sebastian Collberg.
8:19 of 3rd period - Deflect By Kevin Roy.
8:19 of 3rd period - Stopped by Mackenzie Blackwood without a rebound.
8:20 of 3rd period - Kevin Roy wins face-off versus Tanner Richard in Coutelas zone.
8:32 of 3rd period - Icing by Vince Dunn.
8:33 of 3rd period - Stefan Matteau wins face-off versus Kevin Roy in Gangsters zone.
8:42 of 3rd period - Snap shot by Kevin Roy.
8:42 of 3rd period - Shot Blocked by Petter Granberg.
8:44 of 3rd period - Slapshot by Vince Dunn.
8:44 of 3rd period - Shot Misses the Net.
9:40 of 3rd period - Icing by Craig Cunningham.
9:41 of 3rd period - Stefan Matteau wins face-off versus Artem Anisimov in Coutelas zone.
10:04 of 3rd period - Stefan Matteau is hit by Samuel Blais and loses puck.
10:38 of 3rd period - Minor Penalty to Jake Marchment for Interference.
10:39 of 3rd period - Oliver Bjorkstrand wins face-off versus Richard Panik in Gangsters zone.
12:34 of 3rd period - Icing by Julius Honka.
12:35 of 3rd period - Stefan Noesen wins face-off versus Mikhail Grigorenko in Coutelas zone.
12:38 of 3rd period - Penalty to Jake Marchment is over, Jake Marchment is back on ice.
12:40 of 3rd period - Wrist shot by Dave Dziurzynski.
12:40 of 3rd period - Stopped by Mackenzie Blackwood with a rebound.
13:00 of 3rd period - Slapshot by Stefan Noesen.
13:00 of 3rd period - Stopped by Mackenzie Blackwood with a rebound.
13:21 of 3rd period - Snap shot by Mikhail Grigorenko.
13:21 of 3rd period - Stopped by Samuel Montembeault with a rebound.
13:24 of 3rd period - Icing by Brett Ponich.
13:25 of 3rd period - Dave Dziurzynski wins face-off versus Mikhail Grigorenko in Gangsters zone.
13:33 of 3rd period - Off-side.
13:34 of 3rd period - Kevin Roy wins face-off versus Stefan Matteau in neutral zone.
14:51 of 3rd period - Wrist shot by Mattias Janmark.
14:51 of 3rd period - Shot Misses the Net.
14:53 of 3rd period - Snap shot by Nikita Scherbak.
14:53 of 3rd period - Stopped by Samuel Montembeault with a rebound.
14:55 of 3rd period - Snap shot by Mikhail Grigorenko.
14:55 of 3rd period - Shot Misses the Net.
15:07 of 3rd period - Snap shot by Stefan Matteau.
15:07 of 3rd period - Stopped by Samuel Montembeault without a rebound.
15:08 of 3rd period - Stefan Matteau wins face-off versus Artem Anisimov in Gangsters zone.
15:13 of 3rd period - Snap shot by Martins Karsums.
15:13 of 3rd period - Goal by Martins Karsums - Coutelas : 4 - Gangsters : 2.
15:14 of 3rd period - Teemu Pulkkinen wins face-off versus Artem Anisimov in neutral zone.
15:21 of 3rd period - Slapshot by Teemu Pulkkinen.
15:21 of 3rd period - Shot Misses the Net.
15:25 of 3rd period - Snap shot by Rhett Rakhshani.
15:25 of 3rd period - Shot Misses the Net.
15:27 of 3rd period - Slapshot by Rhett Rakhshani.
15:27 of 3rd period - Shot Blocked by Richard Panik.
15:29 of 3rd period - Snap shot by Mike Amadio.
15:29 of 3rd period - Deflect By Teemu Pulkkinen.
15:29 of 3rd period - Shot Misses the Net.
15:29 of 3rd period - Puck is out of play.
15:30 of 3rd period - Stefan Matteau wins face-off versus Kevin Roy in Gangsters zone.
15:38 of 3rd period - Minor Penalty to Phillip Danault for Roughing.
15:39 of 3rd period - Richard Panik wins face-off versus Stefan Matteau in Gangsters zone.
15:45 of 3rd period - Wrist shot by Stefan Matteau.
15:45 of 3rd period - Stopped by Samuel Montembeault with a rebound.
15:47 of 3rd period - Slapshot by Dustin Kohn.
15:47 of 3rd period - Stopped by Samuel Montembeault with a rebound.
15:49 of 3rd period - Wrist shot by Martins Karsums.
15:49 of 3rd period - Stopped by Samuel Montembeault without a rebound.
15:50 of 3rd period - Stefan Matteau wins face-off versus Richard Panik in Gangsters zone.
15:51 of 3rd period - Snap shot by Martins Karsums.
15:51 of 3rd period - Shot Misses the Net.
15:53 of 3rd period - Wrist shot by Stefan Matteau.
15:53 of 3rd period - Deflect By Craig Cunningham.
15:53 of 3rd period - Shot Misses the Net.
15:53 of 3rd period - Puck is out of play.
15:54 of 3rd period - Richard Panik wins face-off versus Stefan Matteau in Gangsters zone.
16:08 of 3rd period - Snap shot by Martins Karsums.
16:08 of 3rd period - Shot Misses the Net.
16:28 of 3rd period - Slapshot by Dustin Kohn.
16:28 of 3rd period - Deflect By Stefan Noesen.
16:28 of 3rd period - Stopped by Samuel Montembeault with a rebound.
16:30 of 3rd period - Slapshot by Petter Granberg.
16:30 of 3rd period - Shot Blocked by Jonas Brodin.
17:20 of 3rd period - Wrist shot by Kevin Roy.
17:20 of 3rd period - Stopped by Mackenzie Blackwood with a rebound.
17:22 of 3rd period - Snap shot by Kevin Roy.
17:22 of 3rd period - Shot Misses the Net.
17:38 of 3rd period - Penalty to Phillip Danault is over, Phillip Danault is back on ice.
18:20 of 3rd period - Tanner Richard is hit by Dryden Hunt and loses puck.
18:35 of 3rd period - Icing by Sebastian Collberg.
18:36 of 3rd period - Kevin Roy wins face-off versus Mikhail Grigorenko in Gangsters zone.
18:36 of 3rd period - Kevin Roy is hit by Nick Mattson.
18:42 of 3rd period - Brett Ponich is hit by Nick Mattson and loses puck.
19:10 of 3rd period - Snap shot by Mikhail Grigorenko.
19:10 of 3rd period - Shot Blocked by Kevin Roy.
19:12 of 3rd period - Slapshot by Nick Mattson.
19:12 of 3rd period - Shot Blocked by Vince Dunn.
19:14 of 3rd period - Slapshot by Nick Mattson.
19:14 of 3rd period - Shot Blocked by Derrick Pouliot.
19:22 of 3rd period - Snap shot by Mattias Janmark.
19:22 of 3rd period - Stopped by Samuel Montembeault with a rebound.
19:24 of 3rd period - Snap shot by Nikita Scherbak.
19:24 of 3rd period - Shot Blocked by Sebastian Collberg.
19:32 of 3rd period - Wrist shot by Mikhail Grigorenko.
19:32 of 3rd period - Stopped by Samuel Montembeault without a rebound.
19:33 of 3rd period - Mike Amadio wins face-off versus Seth Griffith in Gangsters zone.
Goals for this period are 2 for Coutelas vs 1 for Gangsters.
Shots for this period are 15 for Coutelas vs 7 for Gangsters.